← All builds
Tech / Armada / Economy first / OBSERVED BUILD

Standard tech

Armada Tech (Eco) build order · Supreme Isthmus

Rushes T2 factory and T2 constructor early, upgrades team mexes, and supplies the team with T2 constructors while transitioning into eco and defensive units.

Usually first T2 con to Geo (82%)

#t2 #eco #team support · 1786 distinct matches · 271 players · 59% of Armada Tech games · team won 54% of 2112 · Recently observed

HOW TO PLAY IT

Key timing: T2 factory by 4:15

  1. Open 3 mex and heavy wind to fund a fast T2 rush.
  2. Put down Bot Lab, planning to eat it for reclaim soon after.
  3. Get Advanced Bot Lab up, hitting the T2 factory rush timing.
  4. Upgrade mex to Advanced Metal Extractor to lock in team metal income.
  5. Eat Advanced Bot Lab and keep sending cons to Geo and Pond.

Phase by phase

TYPICAL OF ITS 1786 GAMES
  1. 1
  2. 2
  3. 3
  4. 4
PLAY THE OPENING

Follow the example game's first 6:00 step by step: what to build now, what comes next, and where it goes. At 1× it keeps pace with your own game.

  1. 1

    Up to the Bot Lab

    Economy
    • Metal Extractor3Mex
    • Wind Turbine4Wind
    Order
    1. Bot LabBot Lab after 3 mex, 4 winddone ~1:18, middle half 1:13–1:32

    Some games also: energy storage (32%)

    By 1:01 in all: 3 mex · 4 wind

    The example game in this phase · 4 steps
    1. Mex ×3
    2. Wind ×4
    3. Energy storage
    4. Bot LabBot Labdone 1:28 · typical 1:18
  2. 2

    Bot Lab to Advanced Bot Lab

    Economy
    • Metal Extractor1Mex
    • Wind Turbine8Wind
    • Energy Storage1Energy storage
    Order
    1. Advanced Bot LabAdvanced Bot Lab after 4 mex, 12 wind, 3 con turretdone ~4:16, middle half 4:04–4:30
    Builders
    • Construction Turret3 Con turret
    • Lazarus3 Lazarus
    • Construction Bot2 Con bot
    • Construction Bot1 Con bot for allies

    Some games also: converter (36%)

    By 3:18 in all: 4 mex · 12 wind · 1 energy storage · 3 con turret

    The example game in this phase · 14 steps
    1. Construction BotCon bot
    2. LazarusLazarus ×2
    3. Construction BotCon bot ×2
    4. Mex
    5. LazarusLazarus
    6. Con turret
    7. Wind
    8. Con turret
    9. Wind ×2
    10. Con turret
    11. Wind
    12. Bot LabEat Bot Labreclaimed for its metal
    13. Wind
    14. Advanced Bot LabAdvanced Bot Labdone 4:08 · typical 4:16
  3. 3

    Advanced Bot Lab to 5:00

    Economy
    • Wind Turbine3Wind
    Order
    1. Bot LabEat Bot Lab
    Builders
    • Advanced Construction Bot1 T2 con bot for allies

    Some games also: converter (35%)

    By 5:00 in all: 4 mex · 15 wind · 1 converter · 1 energy storage · 3 con turret

    The example game in this phase · 17 steps
    1. Wind
    2. Converter
    3. Wind
    4. Converter
    5. Wind
    6. Converter
    7. Wind
    8. Converter ×2
    9. Wind ×2
    10. Advanced Construction BotT2 con botfor Geo
    11. Wind
    12. Converter
    13. Wind
    14. Advanced Metal ExtractorT2 mexdone 5:14 · typical 5:28
    15. Wind
    16. Advanced Metal ExtractorT2 mex
    17. Converter
  4. 4

    5:00 to 10:00

    Economy
    • Wind Turbine43Wind
    • Energy Converter6Converter
    Builders
    • Butler9 Butler
    • Advanced Construction Bot4 T2 con bot for allies
    • Advanced Construction Bot1 T2 con bot

    Some games also: con turret (42%) · Butler for allies (36%)

    By 10:00 in all: 4 mex · 59 wind · 8 converter · 1 energy storage · 3 con turret

    The example game in this phase · 314 steps
    1. Wind
    2. Converter
    3. Wind ×2
    4. Advanced Construction BotT2 con botfor Air
    5. Wind ×3
    6. Converter
    7. Wind
    8. Advanced Construction BotT2 con botfor Geo sea
    9. Wind ×2
    10. Converter
    11. Wind ×3
    12. Advanced Metal ExtractorT2 mex
    13. Advanced Construction BotT2 con bot
    14. Wind
    15. Converter
    16. Wind
    17. Advanced Metal ExtractorT2 mex
    18. Wind ×2
    19. Converter
    20. Wind
    21. Advanced Construction BotT2 con botfor Geo
    22. Wind ×3
    23. Advanced Construction BotT2 con botfor Pond
    24. Converter
    25. Wind ×5
    26. ButlerButler
    27. Wind
    28. ButlerButler
    29. Wind
    30. Converter
    31. ButlerButler
    32. Wind
    33. ButlerButler
    34. Wind
    35. ButlerButler
    36. Wind
    37. ButlerButler
    38. Wind
    39. ButlerButler
    40. Wind ×8
    41. ButlerButler
    42. Wind
    43. Converter
    44. Wind ×4
    45. ButlerButler
    46. Wind
    47. Converter
    48. Wind ×8
    49. Converter
    50. ButlerButler
    51. Wind ×6
    52. Converter
    53. Wind ×3
    54. ButlerButler
    55. Converter
    56. Wind ×4
    57. Converter
    58. Wind ×8
    59. Converter
    60. ButlerButler
    61. Wind ×6
    62. Converter
    63. Wind ×10
    64. Converter ×2
    65. Wind ×3
    66. Metal storage
    67. Wind ×5
    68. Converter
    69. Wind ×4
    70. Converter
    71. Wind ×3
    72. Converter
    73. Wind ×3
    74. Con turret
    75. Wind
    76. Converter
    77. Wind ×4
    78. Converter
    79. SprinterSprinter
    80. Wind ×5
    81. Converter
    82. SprinterSprinter
    83. Wind ×4
    84. Converter
    85. Wind ×4
    86. Converter
    87. Wind ×3
    88. Converter
    89. Wind ×2
    90. Advanced Bot LabEat Advanced Bot Labreclaimed for its metal
    91. Wind ×2
    92. Con turret
    93. Wind ×3
    94. Converter ×2
    95. Wind
    96. Con turret
    97. Wind ×4
    98. Converter
    99. Con turret
    100. Wind
    101. Converter
    102. Wind ×3
    103. Con turret
    104. Wind ×4
    105. Advanced Bot LabAdvanced Bot Labdone 11:32
    106. Converter
    107. Wind ×6
    108. Converter
    109. Wind
    110. Converter
    111. Wind ×5
    112. Advanced Construction BotT2 con bot
    113. Wind ×3
    114. Converter
    115. Wind ×2
    116. Converter
    117. Wind
    118. Fusion ReactorFusiondone 12:22
    119. Wind ×3
    120. Converter
    121. Wind ×2
    122. Converter
    123. Wind ×7
    124. Converter
    125. Wind ×2
    126. Converter
    127. Wind ×2
    128. Converter
    129. Wind
    130. Advanced Bot LabEat Advanced Bot Labreclaimed for its metal
    131. Wind
    132. Converter
    133. Wind ×2
    134. Converter
    135. Wind
    136. Con turret
    137. Wind
    138. Converter
    139. Wind ×2
    140. Converter
    141. Wind
    142. Converter
    143. Wind ×2
    144. Converter
    145. Fusion ReactorFusion
    146. Wind ×4
    147. Con turret
    148. Converter ×2
    149. Wind
    150. Converter
    151. Con turret
    152. Wind ×3
    153. Con turret
    154. Wind ×2
    155. Vehicle PlantVehicle Plantnot finished by 15:00
    156. Converter
    157. Wind ×2
    158. Converter ×2
    159. Wind ×4
    160. Converter ×3
    161. Wind
    162. Vehicle PlantEat Vehicle Plantreclaimed for its metal
    163. Vehicle PlantVehicle Plantdone 13:07
    164. Wind ×4
    165. Converter
    166. Wind ×2
    167. Converter
    168. Wind
    169. Converter
    170. Wind ×3
    171. Vehicle PlantVehicle Plantdone 13:12
    172. Converter
    173. Wind
    174. Converter
    175. Wind
    176. Converter
    177. Wind
    178. BlitzBlitz ×2
    179. Wind ×2
    180. BlitzBlitz ×2
    181. Wind ×2
    182. Converter
    183. BlitzBlitz
    184. Converter
    185. BlitzBlitz
    186. Wind
    187. BlitzBlitz
    188. Wind ×3
    189. BlitzBlitz
    190. Converter
    191. Wind
    192. BlitzBlitz
    193. Wind
    194. BlitzBlitz ×2
    195. Wind
    196. Converter
    197. BlitzBlitz
    198. Converter
    199. Wind
    200. BlitzBlitz ×2
    201. Wind
    202. BlitzBlitz
    203. Converter
    204. Wind
    205. BlitzBlitz
    206. Wind
    207. BlitzBlitz ×2
    208. Wind
    209. BlitzBlitz
    210. Converter
    211. BlitzBlitz
    212. Converter
    213. Wind
    214. BlitzBlitz
    215. Wind ×2
    216. BlitzBlitz
    217. Converter
    218. Wind
    219. BlitzBlitz ×2
    220. Wind
    221. BlitzBlitz ×2
    222. Wind ×2
    223. Converter
    224. BlitzBlitz
    225. Wind
    226. Converter
    227. BlitzBlitz
    228. Wind
    229. BlitzBlitz
    230. Converter
    231. BlitzBlitz
    232. Wind ×2
    233. BlitzBlitz
    234. Wind
    235. BlitzBlitz ×2
    236. Converter
    237. Wind
    238. BlitzBlitz
    239. Wind
    240. Converter
    241. BlitzBlitz ×2
    242. Converter
    243. BlitzBlitz
    244. Wind
    245. BlitzBlitz ×2
    246. Wind
    247. BlitzBlitz
    248. Converter
    249. BlitzBlitz ×2
    250. Wind
    251. Converter
    252. BlitzBlitz ×2
    253. Wind
    254. BlitzBlitz
    255. Converter
    256. BlitzBlitz
    257. Wind
    258. BlitzBlitz ×2
    259. Wind
    260. BlitzBlitz
    261. Converter
    262. Wind
    263. BlitzBlitz
    264. Wind
    265. BlitzBlitz ×2
    266. Converter
    267. BlitzBlitz
    268. Wind
    269. BlitzBlitz
    270. Wind
    271. BlitzBlitz
    272. Converter
    273. Wind
    274. BlitzBlitz ×3
    275. Wind
    276. BlitzBlitz
    277. Converter
    278. BlitzBlitz ×2
    279. Wind
    280. BlitzBlitz
    281. Converter
    282. Wind
    283. BlitzBlitz
    284. Wind
    285. BlitzBlitz ×3
    286. Wind
    287. BlitzBlitz
    288. Wind
    289. Converter ×2
    290. BlitzBlitz
    291. Wind
    292. BlitzBlitz
    293. Wind
    294. BlitzBlitz ×3
    295. Wind
    296. BlitzBlitz ×2
    297. Converter
    298. Wind
    299. BlitzBlitz
    300. Wind
    301. BlitzBlitz ×2
    302. Converter ×2
    303. Wind
    304. BlitzBlitz ×3
    305. Wind
    306. BlitzBlitz
    307. Wind
    308. BlitzBlitz ×3
    309. Wind
    310. Converter
    311. Wind
    312. BlitzBlitz ×2
    313. Wind
    314. Converter

Counts are medians over the build's games: half of them build more, half fewer. The example game is ChaoticNoob's (37 OS, 15/10/2026); pick another.

Team trades

IN AT LEAST 30% OF ITS GAMES

You hand over

  • Construction Bot1 Con bot to Airfirst at 2:23 · in 83% of games
  • Advanced Construction Bot5 T2 con bot to Air or Geo sea or Pondfirst at 4:51 · in 99% of games
  • Butler2 Butler to Geo sea or Beach sea or Pondfirst at 9:06 · in 42% of games

You get

  • Hercules1 Light transport from Airfirst at 4:01 · in 86% of games

How it plays out

Typical game of this build, running totals by minute

Metal produced

020k40k
0:005:0010:0015:00

metal

Enemy metal destroyed

050100
0:005:0010:0015:00

metal

Own metal lost

050100150
0:005:0010:0015:00

metal

2112 games.

Show as table
ByMetal produced: This buildEnemy metal destroyed: This buildOwn metal lost: This build
1:0038300
2:0091500
3:00165500
4:00314900
5:00484700
6:00580500
7:00724600
8:00908400
9:001121400
10:001354100
11:001625700
12:001967800
13:002346100
14:0027368074
15:003160391130
WHAT THE NUMBERS SAY

Standard Tech play barely fights at all early, instead pouring metal into T2 infrastructure and constructors for the team.

  • + Metal produced hits 31679 by 15:00, by far the highest of any role here.
  • + T2 factory reached in 97% of games by 4:15, fastest and most reliable T2 timing.
  • − Enemy metal destroyed stays at 0 through 10:00, no early offense at all.
  • − Own metal lost also near 0, showing total avoidance of combat risk.
THE EXAMPLE YOU ARE READING

ChaoticNoob

37.1 OS · 15/10/2026

Open source match ↗

3 received units
1219 metal received · 93798 energy received

Allied construction assistance is unknown. Timings are observations, not a promise of solo reproducibility.

Typical milestones

Bot Lab1:18Middle 50%: 1:13–1:32 · n=2112
Advanced Bot Lab4:16Middle 50%: 4:04–4:30 · n=2105
Advanced Metal Extractor5:28Middle 50%: 5:05–5:58 · n=2108

Played most by

Amrissa97games of this buildTheGeneraI70games of this buildAdeus62games of this buildUncle_Cane60games of this buildCrouxy54games of this build